 Dungeon Crawl Stone Soup version 0.18-a0-1157-g59db91b (webtiles) character file.

8633 wirefist the Grappler (level 11, -2/109 HPs)
             Began as a Troll Monk on Jan 23, 2016.
             Slain by an 11-headed hydra (6 damage)
             ... on level 10 of the Dungeon on Jan 24, 2016.
             The game lasted 00:29:56 (8324 turns).

wirefist the Grappler (Troll Monk)                  Turns: 8324, Time: 00:29:56

Health: -2/109     AC:  9    Str: 21    XL:     11   Next: 12%
Magic:  10/10      EV: 17    Int:  6    God:
Gold:   382        SH:  0    Dex: 20    Spells: 0 memorised, 10 levels left

rFire  . . .     SeeInvis .       - Unarmed
rCold  . . .     Gourm    +     I - +0 troll leather armour
rNeg   . . .     Faith    +     (no shield)
rPois  .         Spirit   .     x - +1 hat
rElec  .         Dismiss  .     l - +0 cloak
rCorr  .         Reflect  .     (gloves unavailable)
SustAt .         Harm     .     (boots unavailable)
MR     .....                    W - amulet of faith
Stlth  ++........               y - +3 ring of dexterity
                                k - +2 ring of dexterity

@: not resistant to hostile enchantments, unstealthy
A: unfitting armour, claws 3, fast metabolism 3, gourmand, regeneration 2,
shaggy fur 1, tough skin 2
a: no special abilities


You were on level 10 of the Dungeon.
You were not hungry.

You visited 2 branches of the dungeon, and saw 12 of its levels.

You collected 666 gold pieces.
You spent 284 gold pieces at shops.

Inventory:

Armour
 l - a +0 cloak (worn)
 x - a +1 hat (worn)
 I - a +0 troll leather armour (worn)
 K - a +0 robe
 Q - a +0 robe
Jewellery
 k - a +2 ring of dexterity (left claw)
 v - an uncursed amulet of rage
 w - an uncursed ring of resist corrosion
 y - a +3 ring of dexterity (right claw)
 U - an uncursed amulet of guardian spirit
 W - an amulet of faith (around neck)
 X - an uncursed ring of see invisible
Wands
 A - a wand of confusion (12/48)
 C - a wand of heal wounds (2/9)
 M - a wand of teleportation (2/9)
 V - a wand of lightning (4/15)
Scrolls
 c - 8 scrolls of teleportation
 d - 2 scrolls of noise
 g - 2 scrolls of amnesia
 i - 3 scrolls of identify
 o - 7 scrolls of remove curse
 p - a scroll of blinking
 s - 3 scrolls of magic mapping
 F - 2 scrolls of random uselessness {unknown}
 H - a scroll of fog {unknown}
 L - a scroll of fear {unknown}
 N - a scroll of immolation {unknown}
 O - a scroll of enchant armour
 R - a scroll of enchant weapon {unknown}
Potions
 a - 3 potions of agility
 e - a potion of resistance
 j - a potion of cancellation
 m - a potion of ambrosia {unknown}
 n - 5 potions of lignification
 t - 3 potions of heal wounds {unknown}
 u - a potion of poison {unknown}
 z - 2 potions of magic {unknown}
 B - 4 potions of flight
 D - a potion of might {unknown}
 G - 5 potions of curing {unknown}
 S - a potion of berserk rage {unknown}
 T - a potion of cure mutation {unknown}
Books
 E - a Fen Folio

   Spells                             Type                      Level
   a - Corpse Rot                     Necromancy                   2
   b - Stone Arrow                    Conjuration/Earth            3
   c - Leda's Liquefaction            Hexes/Earth                  4
   d - Summon Forest                  Summoning/Translocation      5
   e - Hydra Form                     Transmutation                6
   f - Summon Hydra                   Summoning                    7
 P - a book of Power

   Spells                             Type                      Level
   a - Fulminant Prism                Conjuration/Hexes            4
   b - Iskenderun's Mystic Blast      Conjuration                  4
   c - Venom Bolt                     Conjuration/Poison           5
   d - Bolt of Magma                  Conjuration/Fire/Earth       5
   e - Iron Shot                      Conjuration/Earth            6
   f - Orb of Destruction             Conjuration                  7
   g - Spellforged Servitor           Conjuration/Summoning        7
Miscellaneous
 Z - a lamp of fire (inert)
Comestibles
 b - 6 bread rations
 f - 6 beef jerkies
 h - 4 meat rations
 q - 10 royal jellies
 r - 5 slices of pizza
 J - 14 fruits


   Skills:
 + Level 7.4 Fighting
 + Level 2.0 Armour
 + Level 9.1 Dodging
 + Level 4.3 Stealth
 + Level 9.9 Unarmed Combat


You had 10 spell levels left.
You didn't know any spells.

Dungeon Overview and Level Annotations

Branches:
Dungeon (11/15)            Temple (1/1) D:6
   Lair: D:8-11         Orc: D:9-12

Altars:
Ashenzari
Cheibriados
Dithmenos
Elyvilon
Fedhas
Gozag
Kikubaaqudgha
Makhleb
Nemelex Xobeh
Okawaru
Pakellas
Qazlal
Ru
Sif Muna
Trog
Vehumet
Xom
Yredelemnul
Zin
The Shining One

Shops:
D:4 (}}!*   D:5 [   D:9 *


Innate Abilities, Weirdness & Mutations

You are too large for most types of armour.
You have claws for hands.
Your metabolism is lightning-fast.
You like to eat raw meat.
You heal very quickly.
You are covered in fur (AC +1).
You have very tough skin (AC +2).


Message History

The 11-headed hydra bites you but does no damage.
The 11-headed hydra barely misses you.
The 11-headed hydra bites you but does no damage.
Items here: ( )))))) [[ The 11-headed hydra bites you.
* * * LOW HITPOINT WARNING * * *
The 11-headed hydra closely misses you. The 11-headed hydra bites you!
* * * LOW HITPOINT WARNING * * *
The 11-headed hydra bites you but does no damage.
The 11-headed hydra barely misses you. The 11-headed hydra closely misses you.
The 11-headed hydra bites you.
* * * LOW HITPOINT WARNING * * *
The 11-headed hydra bites you.
* * * LOW HITPOINT WARNING * * *
The 11-headed hydra bites you.
* * * LOW HITPOINT WARNING * * *
The 11-headed hydra bites you.
* * * LOW HITPOINT WARNING * * *
The 11-headed hydra bites you.
You die...

#.##########.# #.# #.#
#......# #.# #.#
#.###### #.#
#.#####.#..# #.#
###"....#.#..# #.#
..........>..# #.#
###.#...#.#..#######.#
.##)#.###.#..#...D.#.#
.##.......#.....@#.#.#
.####(######.#.#.#.#.#
.# #.#........#.#.#.#
.# #.#.####.#.#.#.#.#
.# #.#.#......#.#.#.#
## #.#.#....#)#.#.#.#
# #.#.######.#.#.#.# #
#..........#.#...### #
###.########.......#


You could see a 11-headed hydra.

Vanquished Creatures
  Erolcha (D:9)
  An unseen horror (D:10)
  Pikel (D:3)
  2 hill giants (D:10)
  The ghost of mg7810 the Shield-Bearer, a novice FoFi of Fedhas (D:5)
  The ghost of mg7810 the Shield-Bearer, a novice FoFi of Fedhas (D:4)
  2 trolls
  2 two-headed ogres
  Sigmund (D:5)
  2 hippogriffs (D:10)
  A hungry ghost (D:9)
  2 soldier ants (D:8)
  An orc warrior (D:7)
  3 sky beasts
  A black bear (D:8)
  A wasp (D:8)
  6 centaurs
  8 ogres
  2 big kobolds (D:7)
  Blork the orc (D:6)
  A gnoll sergeant (D:9)
  2 giant frogs
  A wyvern skeleton (D:6)
  A scorpion (D:8)
  A killer bee (D:10)
  3 crimson imps
  A giant frog zombie (D:6)
  3 jellies
  3 hounds
  7 orc wizards
  4 orc priests
  2 centaur skeletons
  A giant frog skeleton (D:6)
  An iguana (D:9)
  9 worker ants
  3 hound skeletons
  A worker ant zombie (D:7)
  8 gnolls
  7 adders
  A shadow imp (D:8)
  An ooze (D:7)
  5 worms
  4 giant geckos
  34 orcs
  A ball python (D:1)
  8 giant cockroaches
  10 goblins
  8 hobgoblins
  16 jackals
  2 quokkas
  2 bats (D:1)
  3 giant gecko skeletons
  A giant gecko zombie (D:6)
  4 giant newts
  A jackal skeleton (D:8)
  10 kobolds
  3 quokka skeletons
  6 rats
219 creatures vanquished.

Vanquished Creatures (collateral kills)
  A wraith (D:10)
1 creature vanquished.

Vanquished Creatures (others)
  A giant cockroach (D:4)
  A jackal (D:4)
2 creatures vanquished.

Grand Total: 222 creatures vanquished

Notes
Turn   | Place    | Note
--------------------------------------------------------------
     0 | D:1      | wirefist the Troll Monk began the quest for the Orb.
     0 | D:1      | Reached XP level 1. HP: 22/22 MP: 0/0
    78 | D:1      | Reached XP level 2. HP: 29/29 MP: 1/1
   916 | D:1      | Reached XP level 3. HP: 32/36 MP: 2/2
  1503 | D:2      | Reached XP level 4. HP: 42/44 MP: 3/3
  1512 | D:2      | Found a shimmering altar of Xom.
  1523 | D:2      | Found a white marble altar of Elyvilon.
  1532 | D:2      | Found an iron altar of Okawaru.
  1992 | D:3      | Found a glowing drain.
  2242 | D:3      | Reached skill level 5 in Unarmed Combat
  2562 | D:3      | Reached XP level 5. HP: 44/53 MP: 4/4
  2691 | D:4      | Found Weriem's General Store.
  2694 | D:4      | Bought 2 scrolls of teleportation for 84 gold pieces
  2699 | D:4      | Noticed a slave
  2700 | D:4      | Noticed a slave
  2700 | D:4      | Noticed Pikel
  2761 | D:3      | Killed Pikel
  2761 | D:3      | Reached XP level 6. HP: 14/62 MP: 5/5
  2761 | D:3      | Reached XP level 7. HP: 15/68 MP: 6/6
  2810 | D:4      | Found Liefeore's Distillery.
  2835 | D:4      | Noticed mg7810's ghost (novice FoFi)
  2856 | D:4      | Killed mg7810's ghost
  2856 | D:4      | Reached skill level 5 in Dodging
  2856 | D:4      | Reached skill level 6 in Unarmed Combat
  2856 | D:4      | Reached XP level 8. HP: 17/78 MP: 7/7
  3132 | D:4      | Found Otughoz's Gadget Shop.
  3318 | D:4      | Found Icry's Gadget Shoppe.
  3781 | D:4      | Found Suorr's Weapon Shoppe.
  3861 | D:5      | Entered Level 5 of the Dungeon
  3920 | D:5      | Noticed Sigmund
  3934 | D:5      | Killed Sigmund
  3934 | D:5      | Reached skill level 7 in Unarmed Combat
  4251 | D:5      | Found Atuvesarph's Armour Shop.
  4270 | D:5      | Found a burning altar of Makhleb.
  4392 | D:5      | Noticed mg7810's ghost (novice FoFi)
  4414 | D:5      | Killed mg7810's ghost
  4414 | D:5      | Reached skill level 5 in Fighting
  4414 | D:5      | Reached XP level 9. HP: 22/88 MP: 8/8
  4597 | D:6      | Noticed Blork the orc
  4604 | D:6      | Killed Blork the orc
  4656 | D:6      | Found a staircase to the Ecumenical Temple.
  4663 | Temple   | Entered the Ecumenical Temple
  4992 | D:6      | Found a shadowy altar of Dithmenos.
  5045 | D:6      | Found a glowing golden altar of the Shining One.
  5180 | D:6      | Reached skill level 8 in Unarmed Combat
  5602 | D:7      | Noticed a troll
  5617 | D:7      | Killed a troll
  5710 | D:7      | Reached XP level 10. HP: 79/98 MP: 9/9
  5725 | D:7      | Found a glowing silver altar of Zin.
  6296 | D:8      | Found a glowing silver altar of Zin.
  6298 | D:8      | Found a radiant altar of Vehumet.
  6391 | D:8      | Found an oddly glowing altar of Pakellas.
  6633 | D:9      | Found Diulip's Assorted Antiques.
  6670 | D:9      | Reached skill level 9 in Unarmed Combat
  6962 | D:9      | Noticed Erolcha
  6971 | D:9      | Killed Erolcha
  7214 | D:9      | Bought a runed golden amulet for 100 gold pieces
  7217 | D:9      | Bought a dented cameo amulet for 100 gold pieces
  7269 | D:10     | Entered Level 10 of the Dungeon
  7325 | D:10     | Noticed a hill giant
  7339 | D:10     | Killed a hill giant
  7339 | D:10     | Reached skill level 1 in Armour
  7813 | D:10     | Noticed a hill giant
  7821 | D:10     | Killed a hill giant
  7821 | D:10     | Reached XP level 11. HP: 52/109 MP: 10/10
  8227 | D:11     | Noticed a five-headed hydra
  8258 | D:10     | Killed an unseen horror
  8324 | D:10     | HP: 4/109 [11-headed hydra (6)]
  8324 | D:10     | Slain by an 11-headed hydra

Vault maps used:
D:1:      lightli_arrival_lavapool
D:2:      minmay_overflow_temple_star_quad, first_bread
D:3:      lightli_sewer_entry_pipes
D:4:      serial_shops, shop_statue, nicolae_shop_window_shopping, shop_coins,
          nicolae_shop_window_shopping, shop, uniq_pikel
D:5:      serial_shops, shop, kennysheep_diamond, bloody_makhleb, uniq_sigmund
D:6:      nicolae_overflow_crystal_walls, temple_green, grunt_dithmenos_smoke,
          uniq_blork_the_orc
D:7:      basic_altar
D:8:      nicolae_overflow_hidden_temple, hangedman_pestilent_swarm
D:9:      serial_shops, kennysheep_mini_moat, uniq_erolcha
D:11:     dpeg_oklobed_lair, orc_0_dummy, kennysheep_pointless_box,
          ashenzari_altar_1
Temple:   oiseaux_autumnal_temple_12

Action                   |  1- 3 |  4- 6 |  7- 9 | 10-12 || total
-------------------------+-------+-------+-------+-------++-------
Melee: Unarmed           |    82 |    75 |   287 |   225 ||   669
 Abil: Evoke Berserk Rag |       |       |     1 |       ||     1
Evoke: Lamp of fire      |       |       |       |     1 ||     1
  Use: Scroll            |       |       |    10 |     1 ||    11
       Potion            |       |       |     1 |       ||     1
 Stab: Sleeping          |     1 |     2 |     6 |     6 ||    15
  Eat: Chunk             |    16 |     9 |    34 |    25 ||    84
